 Dungeon Crawl Stone Soup version 0.30-a0-373-gd37427bb62 (webtiles) character file.

Game seed: 8264912378216020398

208027 pokeman the Sorcerer (level 18, -22/95 (104) HPs)
             Began as a Deep Elf Hedge Wizard on Nov 23, 2022.
             Was the Champion of Vehumet.
             Annihilated by a fire giant
             ... wielding a +2 great sword of flaming
              (26 damage)
             ... on level 1 of the Depths.
             The game lasted 01:53:58 (42366 turns).

pokeman the Sorcerer (Deep Elf Hedge Wizard)       Turns: 42366, Time: 01:53:59

HP:   -22/95 (104)  AC: 17    Str: 13    XL:     18   Next: 11%
MP:   27/59         EV: 12    Int: 28    God:    Vehumet [******]
Gold: 2650          SH: 11    Dex: 14    Spells: 30/69 levels left

rFire   . . .      SeeInvis .    M - +5 rapier "Beastslayer" {spect, Will+}
rCold   . . .      Faith    .    a - +1 buckler of Yhuit {Str+3}
rNeg    . . .      Spirit   .    O - +0 acid dragon scales
rPois   .          Reflect  +    i - +2 helmet
rElec   .          Harm     .    N - +1 cloak {Stlth+}
rCorr   +          Rampage  .    g - +1 pair of gloves {Str+3}
Will    ++...                    D - +0 pair of boots
Stlth   +++.......               A - amulet of reflection
HPRegen 0.35/turn                G - ring of wizardry
MPRegen 0.36/turn                H - ring of magical power

@: drained
A: no striking features
}: 1/15 runes: barnacled
a: Renounce Religion


You were on level 1 of the Depths.
You worshipped Vehumet.
Vehumet was exalted by your worship.
You visited 7 branches of the dungeon, and saw 29 of its levels.
You also visited: Bailey, Gauntlet, Ice Cave and Volcano.

You collected 3238 gold pieces.
You spent 588 gold pieces at shops.

Inventory:

Hand Weapons
 M - the +5 rapier "Beastslayer" (weapon) {spect, Will+}
   (You acquired it on level 11 of the Dungeon)

   When its wielder attacks, the weapon's spirit leaps out and strikes again.
   The spirit shares a part of any damage it takes with its wielder.
   Will:      It increases your willpower.
 W - the +7 hand axe "Transmigrator" {holy, rF++ Dex-5 SInv}
   (You found it on level 1 of the Lair of Beasts)

   It has been blessed by the Shining One to cause great damage to the undead
   and demons.
   Dex:       It affects your dexterity (-5).
   rF:        It greatly protects you from fire.
   SInv:      It lets you see invisible.
Missiles
 h - a throwing net
 J - 7 curare-tipped darts
Armour
 a - the +1 buckler of Yhuit (worn) {Str+3}
   (You found it in a Gauntlet)

   Str:       It affects your strength (+3).
 g - a +1 pair of gloves of strength (worn)
 i - a +2 helmet (worn)
 v - a scarf of resistance
 D - a +0 pair of boots (worn)
 N - a +1 cloak of stealth (worn)
 O - +0 acid dragon scales (worn)
 P - a scarf of repulsion
Jewellery
 A - an amulet of reflection (around neck)
 G - a ring of wizardry (left hand)
 H - a ring of magical power (right hand)
Scrolls
 n - 6 scrolls of blinking
 o - 10 scrolls of teleportation
 x - 2 scrolls of magic mapping
 B - 3 scrolls of identify
Potions
 b - 11 potions of heal wounds
 d - 7 potions of magic
 f - 11 potions of curing
 q - 3 potions of invisibility
 s - 6 potions of haste
Miscellaneous
 r - a box of beasts
 t - a phantom mirror
 V - a lightning rod (4/4)


   Skills:
 + Level 8.6 Fighting
 - Level 8.0 Armour
 - Level 3.0 Dodging
 - Level 3.1 Stealth
 - Level 5.0 Shields
 * Level 26.3 Spellcasting
 + Level 17.0 Conjurations
 - Level 1.1 Summonings
 - Level 1.1 Translocations
 + Level 15.9 Fire Magic
 - Level 2.0 Ice Magic
 - Level 1.2 Air Magic
 - Level 2.0 Earth Magic
 - Level 1.0 Poison Magic
 - Level 2.0 Evocations


You had 30 spell levels left.
You knew the following spells:

 Your Spells              Type           Power      Damage    Failure   Level
a - Magic Dart            Conj           100%       1d8       0%          1
b - Mephitic Cloud        Conj/Pois/Air  64%        N/A       1%          3
c - Call Imp              Summ           43%        N/A       1%          2
d - Blink                 Tloc           86%        N/A       1%          2
e - Foxfire               Conj/Fire      100%       2x1d9     0%          1
f - Fireball              Conj/Fire      46%        3d18      1%          5
g - Freezing Cloud        Conj/Ice/Air   33%        6-21      1%          5
h - Swiftness             Air            44%        N/A       1%          3
i - Ignition              Fire           45%        3d13      1%          8
j - Stone Arrow           Conj/Erth      100%       3d13      1%          3
k - Iron Shot             Conj/Erth      37%        9d7       1%          6

Your spell library contained the following spells:

 Spells                   Type           Power      Damage    Failure   Level
 Sticky Flame             Conj/Fire      92%        2d10      0%          4
 Slow                     Hex            100%       N/A       1%          1
 Summon Small Mammal      Summ           100%       N/A       1%          1
 Cigotuvi's Dreadful Rot  Necr/Pois/Air  82%        N/A       1%          2
 Ensorcelled Hibernation  Hex/Ice        84%        N/A       1%          2
 Passwall                 Tmut/Erth      35%        N/A       1%          2
 Poisonous Vapours        Pois/Air       86%        N/A       1%          2
 Call Canine Familiar     Summ           43%        N/A       1%          3
 Dazzling Flash           Conj/Hex       100%       N/A       1%          3
 Hailstorm                Conj/Ice       74%        3d15      1%          3
 Ignite Poison            Fire/Tmut/Pois 62%        N/A       1%          3
 Kindle Blastsparks       Fire/Tloc/Air  100%       2d18      1%          3
 Ozocubu's Armour         Ice            48%        N/A       1%          3
 Portal Projectile        Hex/Tloc       78%        N/A       1%          3
 Spider Form              Tmut/Pois      39%        N/A       1%          3
 Summon Guardian Golem    Hex/Summ       39%        N/A       1%          3
 Tukima's Dance           Hex            36%        N/A       1%          3
 Vhi's Electric Charge    Tloc/Air       86%        N/A       1%          3
 Fulminant Prism          Conj/Hex       35%        3d17      1%          4
 Iskenderun's Mystic Bla  Conj/Tloc      73%        2d15      1%          4
 Arcjolt                  Conj/Air       36%        1d46      1%          5
 Lee's Rapid Deconstruct  Erth           24%        3d13*     1%          5
 Starburst                Conj/Fire      46%        6d13      1%          6
 Summon Ice Beast         Ice/Summ       45%        N/A       2%          4
 Ice Form                 Ice/Tmut       42%        N/A       3%          4
 Leda's Liquefaction      Hex/Erth       21%        N/A       3%          4
 Anguish                  Hex/Necr       18%        N/A       5%          4
 Metabolic Englaciation   Hex/Ice        21%        N/A       10%         5
 Summon Forest            Summ/Tloc      21%        N/A       10%         5
 Silence                  Hex/Air        20%        N/A       12%         5
 Summon Mana Viper        Hex/Summ       39%        N/A       12%         5
 Agony                    Necr           36%        N/A       16%         5
 Blade Hands              Tmut           18%        N/A       16%         5
 Ozocubu's Refrigeration  Ice            24%        4d12      41%         7
 Simulacrum               Ice/Necr       21%        N/A       45%         6
 Summon Cactus Giant      Summ           21%        N/A       45%         6
 Malign Gateway           Summ/Tloc      21%        N/A       94%         7
 Monstrous Menagerie      Summ           21%        N/A       94%         7
 Maxwell's Capacitive Co  Air            22%        ∞         98%         8
 Summon Horrible Things   Summ           21%        N/A       100%        8
 Polar Vortex             Ice            24%        N/A       100%        9


Dungeon Overview and Level Annotations

Branches:
Dungeon (15/15)            Temple (1/1) D:7            Lair (5/5) D:8
 Shoals (4/4) Lair:3       Spider (0/4) Lair:2        Slime (0/5) Lair:5
    Orc (2/2) D:11            Elf (1/3) Orc:2        Vaults (0/5) D:14
 Depths (1/4) D:15         Bailey (visited)           IceCv (visited)
Volcano (visited)         Gauntlet (visited)

Altars:
Ashenzari
Cheibriados
Dithmenos
Elyvilon
Fedhas
Gozag
Hepliaklqana
Kikubaaqudgha
Makhleb
Nemelex Xobeh
Okawaru
Qazlal
Ru
Sif Muna
Trog
Uskayaw
Vehumet
Wu Jian
Xom
Yredelemnul
Zin
The Shining One
Jiyva

Shops:
D:6 **:   D:14 *   Orc:2 :[*(   Shoals:2 *

Annotations:
Shoals:4 1 runed translucent door, DeathPants's ghost, adept MiFi
Elf:1 Asterion


Message History

Casting: Iron Shot (dangerous; 1% risk of failure)
Confirm with . or Enter, or press ? or * to list all spells.
Aiming: Iron Shot (dangerous; 1% risk of failure)
Press: ? - help, Shift-Dir - straight line, f/p - fire giant
Aim: a fire giant, wielding a +2 great sword of flaming (severely wounded, 94% to hit)
The iron shot misses the fire giant.
You hear a grinding noise. x2
The fire giant hits you with a +2 great sword of flaming!!
The fire giant burns you!
Found a stone staircase leading down.
A deep troll earth mage comes into view.
The fire giant attacks as you move away!
You block the fire giant's attack.
The deep troll earth mage moves out of view.
The fire giant attacks as you move away!
The fire giant hits you with a +2 great sword of flaming!!
* * * LOW HITPOINT WARNING * * *
The fire giant burns you!
* * * LOW HITPOINT WARNING * * *
You hear a grinding noise.
Casting: Iron Shot (dangerous; 1% risk of failure)
Confirm with . or Enter, or press ? or * to list all spells.
Aiming: Iron Shot (dangerous; 1% risk of failure)
Press: ? - help, Shift-Dir - straight line, f/p - fire giant
Aim: a fire giant, wielding a +2 great sword of flaming (severely wounded, 94% to hit)
The iron shot misses the fire giant.
The iron shot hits the ice dragon!!!
The ice dragon is severely wounded.
The fire giant hits you with a +2 great sword of flaming.
* * * LOW HITPOINT WARNING * * *
The fire giant burns you.
* * * LOW HITPOINT WARNING * * *
Casting: Iron Shot (dangerous; 1% risk of failure)
Confirm with . or Enter, or press ? or * to list all spells.
Aiming: Iron Shot (dangerous; 1% risk of failure)
Press: ? - help, Shift-Dir - straight line, f/p - fire giant
Aim: a fire giant, wielding a +2 great sword of flaming (severely wounded, 94% to hit)
The iron shot hits the fire giant!!
The fire giant is almost dead.
The fire giant hits you with a +2 great sword of flaming!!
You die...

#. ..# ... #.
..# ..# T. ##.
..# ..# ..# ..
.8# D.#..#
.#..# ....#
#... ...#
###.####...#
#....@C....#
#.#.##D.#.##
#.#.# #.....
#.#.. .>.....#
#.#.###......#
#.#.# #......#
#.#.# #......#
#.#.. #......#
#.#


You could see a fire giant and an ice dragon.

Vanquished Creatures
  Bai Suzhen (Shoals:4)
  Nikola (Shoals:2)
  Rupert (Lair:4)
  A kraken (Shoals:4)
  Kirke (Lair:3)
  Donald (Shoals:2)
  Louise (Shoals:2)
  2 frost giants
  An orc warlord (Orc:1)
  A reaper (IceCv)
  Nessos (D:13)
  A minotaur (Gauntlet)
  An ettin (Orc:1)
  Snorg (D:13)
  12 merfolk impalers
  7 merfolk javelineers
  Fannar (Lair:3)
  6 hydras
  3 centaur warriors
  6 catoblepae
  4 vault guards
  6 boulder beetles
  20 two-headed ogres
  3 ogre magi
  A merfolk avatar (Shoals:4)
  5 merfolk aquamancers (Shoals:4)
  6 death yaks (Lair:5)
  3 tengu warriors
  2 satyrs (Shoals:3)
  A death scarab (Gauntlet)
  4 orc high priests
  The ghost of Pooter the Fighter, a novice MiBe of Trog (D:8)
  Amaemon (Lair:3)
  Sonja (Lair:5)
  8 skeletal warriors
  A spectral death yak (Gauntlet)
  15 sea snakes
  A kraken simulacrum (Shoals:4)
  A wizard (D:14)
  21 harpies
  3 lindwurms
  12 deep elf pyromancers
  3 necromancers (D:14)
  A deep elf archer (Volcano)
  4 orc knights (Orc:2)
  12 fauns
  2 orc sorcerers (Orc:2)
  11 ugly things
  12 cyclopes
  24 elephants
  20 manticores
  12 merfolk sirens
  5 water nymphs
  2 ice statues
  8 black mambas
  A molten gargoyle (Gauntlet)
  15 cane toads
  3 gargoyles
  An orange demon (Lair:3)
  A yaktaur (D:14)
  3 unseen horrors
  An efreet (D:14)
  13 komodo dragons
  8 rime drakes
  A freezing wraith (D:15)
  4 tengu conjurers
  37 merfolk
  11 wind drakes
  A troll (shapeshifter) (D:14)
  A hornet (D:9)
  2 polar bears
  Prince Ribbit (Bailey)
  6 trolls
  18 dream sheep
  8 snapping turtles
  15 blink frogs
  A slime creature (D:12)
  Sigmund (D:2)
  A vampire (D:12)
  11 water elementals
  54 yaks
  An air elemental (Elf:1)
  4 shadows
  22 humans
  3 dire elephant simulacra (IceCv)
  4 wraiths
  5 wyverns
  9 basilisks
  2 hogs (Lair:3)
  A redback (Lair:2)
  A steam dragon (D:9)
  7 fire elementals (Volcano)
  11 vampire mosquitoes
  2 death yak simulacra (IceCv)
  Menkaure (D:5)
  5 wargs
  3 harpy simulacra (IceCv)
  3 acid dragons
  A hydra simulacrum (IceCv)
  7 water moccasins
  3 hell hounds (Volcano)
  3 black bears
  29 orc warriors
  An ice beast (D:7)
  17 ogres
  19 wolves
  11 centaurs
  5 phantoms
  5 kobold brigands
  A necrophage (D:5)
  Blork the orc (D:6)
  27 bullfrogs
  5 two-headed ogre simulacra (IceCv)
  7 earth elementals (D:15)
  A cane toad simulacrum (IceCv)
  5 scorpions
  7 wights (D:8)
  10 killer bees (D:9)
  4 howler monkeys
  4 jellies
  5 hounds
  19 orc priests
  A gnoll bouda (D:6)
  4 iguanas
  24 orc wizards
  A polar bear simulacrum (IceCv)
  3 troll simulacra (IceCv)
  3 spriggan simulacra (IceCv)
  8 ogre zombies (D:11)
  Robin (D:3)
  10 gnolls
  An adder (D:6)
  8 naga simulacra (IceCv)
  2 shadow imps
  9 white imps (IceCv)
  8 ufetubi
  3 worms
  2 dart slugs (D:2)
  75 orcs
  5 ball pythons
  6 endoplasms
  2 giant cockroaches
  17 goblins
  7 hobgoblins
  2 jackals (D:2)
  5 bats
  2 goblin skeletons (D:11)
  5 hobgoblin zombies (D:11)
  23 kobolds
  3 orc skeletons (D:11)
  14 orc zombies (D:11)
  3 rats
  2 tentacles (Shoals:4)
1045 creatures vanquished.

Vanquished Creatures (collateral kills)
  An orc wizard (D:6)
1 creature vanquished.

Vanquished Creatures (others)
  A manticore (D:14)
  2 humans (Lair:3)
  A bush (Lair:5)
  308 foxfires
  56 fungi
  155 plants
  2 tentacles (Shoals:4)
  2 withered plants (Gauntlet)
527 creatures vanquished.

Grand Total: 1573 creatures vanquished

Notes
Turn   | Place    | Note
-------+----------+-------------------------------------------
     0 | D:1      | pokeman the Deep Elf Hedge Wizard began the quest for the
                  | Orb.
     0 | D:1      | Reached XP level 1. HP: 10/10 MP: 7/7
   313 | D:1      | Reached XP level 2. HP: 16/16 MP: 1/9
   909 | D:2      | Found a shimmering blue altar of Sif Muna.
  1093 | D:2      | Reached skill level 5 in Spellcasting
  1177 | D:2      | Reached skill level 1 in Fighting
  1177 | D:2      | Reached skill level 1 in Armour
  1177 | D:2      | Reached XP level 3. HP: 20/20 MP: 4/11
  1181 | D:2      | Learned a level 3 spell: Mephitic Cloud
  1184 | D:2      | Learned a level 2 spell: Call Imp
  1187 | D:2      | Learned a level 2 spell: Blink
  1281 | D:2      | Noticed Sigmund
  1293 | D:2      | Killed Sigmund
  1294 | D:2      | Reached skill level 5 in Conjurations
  1294 | D:2      | Reached XP level 4. HP: 25/25 MP: 7/13
  1294 | D:2      | Reached XP level 5. HP: 29/29 MP: 7/14
  2033 | D:3      | Reached XP level 6. HP: 34/34 MP: 5/16
  2035 | D:3      | Noticed Robin
  2042 | D:3      | Killed Robin
  2577 | D:4      | Found an ornate altar of the Wu Jian Council.
  2663 | D:4      | Reached skill level 6 in Spellcasting
  2822 | D:4      | Reached skill level 1 in Poison Magic
  2833 | D:4      | Reached skill level 1 in Air Magic
  2833 | D:4      | Reached XP level 7. HP: 22/38 MP: 1/19
  3150 | D:4      | Reached skill level 7 in Spellcasting
  3150 | D:4      | Reached skill level 1 in Evocations
  3506 | D:5      | Entered Level 5 of the Dungeon
  3639 | D:5      | Reached skill level 8 in Spellcasting
  3773 | D:5      | Reached XP level 8. HP: 33/44 MP: 17/22
  3789 | D:5      | Learned a level 8 spell: Ignition
  3968 | D:5      | Found a white marble altar of Elyvilon.
  4107 | D:5      | Found a basalt altar of Yredelemnul.
  4166 | D:5      | Noticed Menkaure
  4190 | D:5      | Killed Menkaure
  4191 | D:5      | Reached skill level 1 in Fire Magic
  4402 | D:5      | Reached skill level 9 in Spellcasting
  4927 | D:6      | Noticed a two-headed ogre
  5051 | D:6      | Noticed Blork the orc
  5060 | D:6      | Killed Blork the orc
  5151 | D:6      | Reached skill level 10 in Spellcasting
  5380 | D:6      | Reached XP level 9. HP: 20/48 MP: 18/25
  5741 | D:6      | Found Agaum's Assorted Antiques.
  5750 | D:6      | Found Ruichygi's General Store.
  5771 | D:6      | Bought a scroll of teleportation for 33 gold pieces
  5781 | D:6      | Found Ogoipn's Book Shop.
  6045 | D:6      | Killed a two-headed ogre
  6046 | D:6      | Reached skill level 11 in Spellcasting
  6261 | D:6      | Bought a book of Fire for 330 gold pieces
  6264 | D:6      | Learned a level 1 spell: Foxfire
  6270 | D:6      | Learned a level 5 spell: Fireball
  6310 | D:7      | Found a flagged portal.
  6330 | Bailey   | Entered a bailey
  6477 | Bailey   | Reached skill level 12 in Spellcasting
  6477 | Bailey   | Reached skill level 5 in Fire Magic
  6562 | Bailey   | Reached XP level 10. HP: 56/56 MP: 24/28
  6685 | Bailey   | Noticed Prince Ribbit
  6688 | Bailey   | Noticed a vault guard
  6692 | Bailey   | Killed Prince Ribbit
  6713 | Bailey   | Killed a vault guard
  6857 | Bailey   | Noticed a vault guard
  6895 | Bailey   | Killed a vault guard
  6896 | Bailey   | Reached skill level 13 in Spellcasting
  7375 | D:7      | Found a staircase to the Ecumenical Temple.
  7382 | Temple   | Entered the Ecumenical Temple
  7426 | Temple   | Became a worshipper of Vehumet
  8123 | D:8      | Found a glowing silver altar of Zin.
  8125 | D:8      | Found a snail-covered altar of Cheibriados.
  8125 | D:8      | Found a sparkling altar of Nemelex Xobeh.
  8364 | D:8      | Noticed a two-headed ogre
  8373 | D:8      | Killed a two-headed ogre
  8374 | D:8      | Reached skill level 14 in Spellcasting
  8374 | D:8      | Reached XP level 11. HP: 61/61 MP: 14/31
  8695 | D:8      | Reached * piety under Vehumet
  8695 | D:8      | Offered knowledge of Kiss of Death by Vehumet.
  8940 | D:8      | Found a staircase to the Lair.
  8944 | D:8      | Found a runed translucent gate.
  8944 | D:8      | Found a runed translucent gate.
  8945 | D:8      | Found a runed translucent gate.
  8948 | D:8      | Noticed Pooter's ghost (novice MiBe)
  9025 | D:8      | Learned a level 3 spell: Swiftness
  9081 | D:8      | Found a glowing golden altar of the Shining One.
  9304 | D:6      | Bought a brightly glowing whip for 225 gold pieces
  9304 | D:6      | Identified the +10 whip of Wisdom {freeze, *Rage rElec rC+
                  | Str+7} (You bought it in a shop on level 6 of the Dungeon)
 10517 | D:9      | Noticed a deep elf pyromancer
 10520 | D:9      | Killed a deep elf pyromancer
 10802 | D:10     | Entered Level 10 of the Dungeon
 11015 | D:10     | Reached skill level 10 in Conjurations
 11148 | D:10     | Reached skill level 15 in Spellcasting
 11471 | D:10     | Noticed a two-headed ogre
 11475 | D:10     | Killed a two-headed ogre
 11801 | D:11     | Reached ** piety under Vehumet
 11801 | D:11     | Offered knowledge of Scorch by Vehumet.
 11819 | D:11     | Reached skill level 5 in Armour
 12035 | D:11     | Noticed a boulder beetle
 12234 | D:11     | Killed a boulder beetle
 12824 | D:11     | Learned a level 5 spell: Freezing Cloud
 12912 | D:11     | Offered knowledge of Momentum Strike by Vehumet.
 12949 | D:11     | Identified a scroll of acquirement
 12950 | D:11     | Acquired the +5 rapier "Beastslayer" {spect, Will+}
 12965 | D:11     | Reached *** piety under Vehumet
 13121 | D:11     | Found a staircase to the Orcish Mines.
 13499 | D:12     | Noticed a boulder beetle
 13507 | D:12     | Reached skill level 16 in Spellcasting
 13507 | D:12     | Reached skill level 1 in Ice Magic
 13787 | D:12     | Killed a boulder beetle
 13788 | D:12     | Reached XP level 12. HP: 66/66 MP: 6/34
 14068 | D:12     | Noticed a boulder beetle
 14213 | D:12     | Killed a boulder beetle
 14663 | D:12     | Noticed a two-headed ogre
 14664 | D:12     | Noticed a two-headed ogre
 14664 | D:12     | Noticed an ogre mage
 14665 | D:12     | Noticed a two-headed ogre
 14666 | D:12     | Killed a two-headed ogre
 14666 | D:12     | Noticed a two-headed ogre
 14669 | D:12     | Killed a two-headed ogre
 14669 | D:12     | Offered knowledge of Fulminant Prism by Vehumet.
 14670 | D:12     | Killed an ogre mage
 14672 | D:12     | Killed a two-headed ogre
 14941 | D:12     | Reached skill level 17 in Spellcasting
 14992 | D:12     | Killed a two-headed ogre
 15385 | D:13     | Noticed a boulder beetle
 15434 | D:13     | Noticed Nessos
 15440 | D:13     | Killed Nessos
 15829 | Lair:1   | Entered Level 1 of the Lair of Beasts
 16351 | Lair:1   | Reached **** piety under Vehumet
 16544 | Lair:1   | Offered knowledge of Stone Arrow by Vehumet.
 16559 | Lair:1   | Reached XP level 13. HP: 69/72 MP: 7/36
 16563 | Lair:1   | Learned a level 3 spell: Stone Arrow
 16911 | Lair:1   | Identified the +7 hand axe "Transmigrator" {holy, rF++
                  | Dex-5 SInv}
 16932 | Lair:1   | Reached skill level 18 in Spellcasting
 17186 | Lair:1   | Reached skill level 1 in Earth Magic
 17191 | Lair:1   | Reached skill level 10 in Fire Magic
 17432 | Lair:1   | Reached skill level 5 in Fighting
 18989 | Lair:2   | Found a hole to the Spider Nest.
 19898 | Lair:3   | Noticed Amaemon
 19985 | Lair:3   | Reached skill level 19 in Spellcasting
 20023 | Lair:3   | Found a dark tunnel.
 20083 | Volcano  | Entered a volcano
 20344 | Volcano  | Reached skill level 1 in Shields
 20524 | Lair:3   | Found a staircase to the Shoals.
 20541 | Lair:3   | Noticed Fannar
 20544 | Lair:3   | Killed Fannar
 20799 | Lair:3   | Reached XP level 14. HP: 80/80 MP: 25/39
 21072 | Lair:3   | Noticed Kirke
 21081 | Lair:3   | Killed Kirke
 21359 | Lair:3   | Reached skill level 20 in Spellcasting
 21432 | Lair:3   | Reached ***** piety under Vehumet
 21610 | Lair:3   | Killed Amaemon
 21821 | Lair:3   | Offered knowledge of Lightning Bolt by Vehumet.
 22497 | Lair:4   | Noticed Rupert
 22499 | Lair:4   | Killed Rupert
 22819 | Lair:5   | Entered Level 5 of the Lair of Beasts
 22862 | Lair:5   | Noticed Sonja
 22874 | Lair:5   | Found a frozen archway.
 22876 | Lair:5   | Killed Sonja
 22888 | Lair:5   | HP: 3/80 [five-headed hydra (7)]
 22888 | Lair:5   | HP: 1/80 [five-headed hydra (2)]
 22889 | IceCv    | Entered an ice cave
 23966 | IceCv    | Noticed a reaper
 24044 | IceCv    | Killed a reaper
 24695 | Lair:5   | Found a staircase to the Slime Pits.
 24695 | Lair:5   | Found a viscous altar of Jiyva.
 24876 | Lair:5   | Reached skill level 21 in Spellcasting
 25948 | Lair:5   | Reached XP level 15. HP: 84/84 MP: 7/42
 26601 | Lair:5   | Reached skill level 5 in Shields
 26918 | Lair:5   | Identified the +1 morningstar of the Scorpion {drain, rC+++
                  | rN+ Dex-5}
 27375 | Orc:1    | Entered Level 1 of the Orcish Mines
 27664 | Orc:1    | Offered knowledge of Flame Wave by Vehumet.
 27665 | Orc:1    | Reached skill level 22 in Spellcasting
 27850 | Orc:2    | Entered Level 2 of the Orcish Mines
 27950 | Orc:2    | Found a staircase to the Elven Halls.
 28001 | Orc:2    | Found a gate leading to a gauntlet.
 28010 | Gauntlet | Entered a Gauntlet
 28010 | Gauntlet | Found a transporter.
 28010 | Gauntlet | Found a transporter.
 28013 | Gauntlet | Found a transporter.
 28016 | Gauntlet | Found a transporter.
 28055 | Gauntlet | Found a transporter.
 28057 | Gauntlet | Found a transporter.
 28074 | Gauntlet | Found a transporter.
 28171 | Gauntlet | Identified the +1 buckler of Yhuit {Str+3}
 28208 | Gauntlet | Found a transporter.
 28208 | Gauntlet | Found a transporter.
 28220 | Gauntlet | Found a transporter.
 28228 | Gauntlet | Found a transporter.
 28234 | Gauntlet | Found a runed translucent gate.
 28234 | Gauntlet | Found a runed translucent gate.
 28234 | Gauntlet | Found a runed translucent gate.
 28325 | Gauntlet | Found a transporter.
 28327 | Gauntlet | Found a transporter.
 28505 | Gauntlet | Identified the ring "Gicsad" {rCorr Dex+2}
 29186 | Orc:2    | Found Zagap's Antique Weapon Shoppe.
 29203 | Orc:2    | Found Omar's Antique Armour Shoppe.
 29392 | Orc:2    | Found Niejai's General Store.
 29407 | Orc:2    | Found Hifionov's Book Shoppe.
 29934 | D:12     | Offered knowledge of Spellforged Servitor by Vehumet.
 30633 | D:13     | Noticed Snorg
 30637 | D:13     | Killed Snorg
 30906 | D:13     | Reached skill level 23 in Spellcasting
 31683 | D:14     | Found a transporter.
 31691 | D:14     | Found a transporter.
 31693 | D:14     | Found a transporter.
 31697 | D:14     | Found Kaliroim's Assorted Antiques.
 31782 | D:14     | Found a transporter.
 31783 | D:14     | Found a transporter.
 31801 | D:14     | Reached XP level 16. HP: 82/92 MP: 21/45
 32015 | D:14     | Reached skill level 15 in Conjurations
 32098 | D:14     | Found a transporter.
 32229 | D:14     | Identified the +5 flail of Invincibility {protect, rN+}
 32425 | D:14     | Found a gate to the Vaults.
 32690 | D:15     | Entered Level 15 of the Dungeon
 32879 | D:15     | Reached ****** piety under Vehumet
 32939 | D:15     | Offered knowledge of Iron Shot by Vehumet.
 33317 | D:15     | Found a staircase to the Depths.
 33760 | D:15     | Reached skill level 24 in Spellcasting
 34508 | Elf:1    | Entered Level 1 of the Elven Halls
 34511 | Elf:1    | Paralysed by an air elemental for 1 turns
 34513 | Elf:1    | Noticed Asterion
 34536 | Orc:2    | Learned a level 6 spell: Iron Shot
 34732 | Shoals:1 | Entered Level 1 of the Shoals
 35382 | Shoals:1 | HP: 3/92 [water nymph/the raging water (20)]
 35678 | Shoals:1 | Offered knowledge of Iskenderun's Battlesphere by Vehumet.
 36141 | Shoals:2 | Noticed Nikola
 36154 | Shoals:2 | Killed Nikola
 36300 | Shoals:2 | Noticed Donald
 36305 | Shoals:2 | Killed Donald
 36306 | Shoals:2 | Reached XP level 17. HP: 93/96 MP: 22/47
 36976 | Shoals:2 | Reached skill level 25 in Spellcasting
 37431 | Shoals:2 | Noticed Louise
 37436 | Shoals:2 | Killed Louise
 37437 | Shoals:2 | Reached skill level 15 in Fire Magic
 37437 | Shoals:2 | Found Vaquujo's Mass Market.
 37825 | Shoals:3 | Offered knowledge of Arcjolt by Vehumet.
 39119 | Shoals:4 | Entered Level 4 of the Shoals
 39373 | Shoals:4 | Noticed Bai Suzhen
 39770 | Shoals:4 | Reached skill level 26 in Spellcasting
 40174 | Shoals:4 | Noticed a kraken
 40184 | Shoals:4 | Killed a kraken
 40184 | Shoals:4 | Offered knowledge of Maxwell's Capacitive Coupling by
                  | Vehumet.
 40429 | Shoals:4 | Found a runed translucent door.
 40546 | Shoals:4 | Noticed DeathPants's ghost (adept MiFi)
 40566 | Shoals:4 | Killed Bai Suzhen
 40567 | Shoals:4 | Reached XP level 18. HP: 60/104 MP: 19/50
 41187 | Shoals:4 | Got a barnacled rune of Zot
 41610 | D:8      | Killed Pooter's ghost
 42340 | Depths:1 | Entered Level 1 of the Depths
 42365 | Depths:1 | HP: 4/95 [fire giant/+2 great sword of flaming (1)]
 42366 | Depths:1 | Annihilated by a fire giant

Illustrated notes

Levels and vault maps discovered:
D:1:      saegor_arrival_simple_d, layout_rooms, nicolae_figureground_sparkle
D:2:      layout_rooms, basic_altar, minmay_between, uniq_sigmund
D:3:      layout_rooms, uniq_robin
D:4:      layout_basic, pdpol_wu_jian_five_deadly_venoms
D:5:      layout_cave_pods, kennysheep_ying_yang, uniq_menkaure
D:6:      layout_basic, serial_shops, shop, shop_fountains, shop_statue,
          nrook_loot_triangle, st_stairs_3, minmay_fractal_squares_gapless_5,
          uniq_blork_the_orc
D:7:      layout_basic, minmay_temple_entry_proselytizer, enter_bailey_6
D:8:      layout_basic, grunt_temple_overflow_open, tso_oasis_becter,
          gammafunk_ghost_spectres, hex_tiny
D:9:      layout_long_grid, guppyfry_early_elven_hall
D:10:     layout_loops_ring
D:11:     layout_irregular_city, zombieorc2_lemuel
D:12:     layout_loops_cross
D:13:     minmay_skewed_foursquare, layout_loops_cross, glass_columns_a,
          uniq_snorg, uniq_nessos
D:14:     layout_rooms, grunt_vaults_entry_tiered, serial_shops, shop_statue,
          hangedman_decor_lopped, minmay_liquid_box, serial_nicolae_subway,
          nicolae_sub_station_stone, nicolae_sub_station_crystal,
          nicolae_sub_station_metal
D:15:     grunt_enter_depths_snipers, layout_irregular_city, drop_trap,
          hangedman_cracks_in_the_wall
Temple:   hellmonk_temple_two_chambers
Lair:1:   layout_chaotic_city, minmay_shattered_shrine
Lair:2:   layout_gridlike, spider_nest_entry_a, guppyfry_lair_drakes
Lair:3:   layout_chaotic_city, shoals_dummy_entry,
          nicolae_volcano_entry_vermiform, grunt_megastairs_1, uniq_fannar,
          uniq_kirke, uniq_amaemon
Lair:4:   layout_misc_corridors, uniq_rupert
Lair:5:   evilmike_catoblepas_cave, layout_loops_ring, slime_entry_1,
          portal_ice_cave_entry_pillars_2, uniq_sonja
Shoals:1: layout_shoals, nicolae_shoals_seven_spires
Shoals:2: layout_shoals, minmay_shop_mass, uniq_nikola, uniq_donald, uniq_louise
Shoals:3: layout_shoals, nicolae_shoals_hunting_party
Shoals:4: shoals_end_grunt_ice, layout_shoals, ebering_ghost_inner_flame,
          uniq_bai_suzhen
Orc:1:    layout_caves
Orc:2:    grunt_orc_cross, layout_caves, gauntlet_entry_generic
Elf:1:    nicolae_elf_arrival_no_cutting_in_line, layout_geoelf_octagon,
          serial_shops, nicolae_shop_advertising_works
          [nicolae_subvault_shop_adworks], minmay_elf_crystal_hexagon,
          uniq_asterion
Depths:1: layout_basic, hellmouth_1, chequers_decorated_corner,
          lemuel_old_faithful

Skill      XL: |  1  2  3  4  5  6  7  8  9 10 11 12 13 14 15 16 17 18 |
---------------+-------------------------------------------------------+-----
Spellcasting   | 5 6 8 10 12 14 16 17 19 21 23 24 26 | 26.3
Fighting       | 1 2 3 4 6 7 8 |  8.6
Armour         | 1 2 3 4 5 6 8 |  8.0
Conjurations   | 5 6 7 8 9 10 11 12 13 14 15 16 17 | 17.0
Dodging        | 3 |  3.0
Stealth        | 3 |  3.1
Poison Magic   | 1 |  1.0
Air Magic      | 1 |  1.2
Evocations     | 2 |  2.0
Fire Magic     | 3 5 6 8 9 11 12 13 14 15 | 15.9
Ice Magic      | 1 2 |  2.0
Earth Magic    | 2 |  2.0
Shields        | 1 4 5 |  5.0
Summonings     | |  1.1
Translocations | |  1.1

Action                   |  1- 3 |  4- 6 |  7- 9 | 10-12 | 13-15 | 16-18 || total
-------------------------+-------+-------+-------+-------+-------+-------++-------
Melee: Dagger            |    10 |    29 |   107 |       |       |       ||   146
       Punch             |       |       |     1 |     2 |       |       ||     3
       Short sword       |       |       |    54 |    45 |       |       ||    99
       Whip              |       |       |       |    29 |       |       ||    29
       Rapier            |       |       |       |    22 |    56 |     9 ||    87
 Cast: Magic Dart        |    66 |    76 |   139 |     9 |     1 |     1 ||   292
       Mephitic Cloud    |     2 |     7 |    35 |    30 |    19 |     1 ||    94
       Call Imp          |       |       |     9 |     5 |       |     1 ||    15
       Blink             |       |       |     2 |     4 |    15 |     2 ||    23
       Foxfire           |       |       |     5 |   166 |       |       ||   171
       Fireball          |       |       |       |   210 |   523 |   457 ||  1190
       Freezing Cloud    |       |       |       |       |    13 |    10 ||    23
       Stone Arrow       |       |       |       |       |    12 |    34 ||    46
       Ignition          |       |       |       |       |    10 |    19 ||    29
       Iron Shot         |       |       |       |       |       |    15 ||    15
Evoke: Wand              |       |       |    10 |     5 |       |       ||    15
       Lightning rod     |       |       |       |       |     3 |       ||     3
  Use: Scroll            |       |       |       |    16 |    11 |     4 ||    31
       Potion            |       |       |       |     1 |     2 |       ||     3
 Stab: Confused          |       |     4 |    18 |     3 |     2 |       ||    27
       Sleeping          |       |       |       |     3 |       |       ||     3
Armor: Leather armour    |     4 |     4 |    15 |    44 |     7 |       ||    74
       Acid dragon scale |       |       |       |       |    58 |    28 ||    86
Dodge: Dodged            |    13 |    18 |   135 |    96 |    90 |    21 ||   373
Block: Other             |       |       |    17 |    28 |     7 |       ||    52
       Reflection        |       |       |       |     4 |     3 |    23 ||    30
       Orb               |       |       |       |     5 |       |       ||     5
       Buckler           |       |       |       |       |    21 |    38 ||    59

Table legend: (Time is in decaauts)
 A = Elapsed time spent in this place.
 B = Non-inter-level travel time spent in this place.
 C = Inter-level travel time spent in this place.
 D = Time resting spent in this place.
 E = Time spent auto-exploring this place.
 F = Levels seen in this place.
 G = Mean time per level.
                   A        B        C        D        E       F      G
               +--------+--------+--------+--------+--------+-----+--------+
         Total |  42765 |  39433 |   3332 |   7117 |  26370 |  33 | 1295.9 |
       Dungeon |  21030 |  18942 |   2088 |   2636 |  13543 |  15 | 1402.0 |
        Temple |    176 |    159 |     17 |      0 |     39 |   1 |  176.0 |
          Lair |   8702 |   8146 |    556 |   1124 |   6030 |   5 | 1740.4 |
        Shoals |   7059 |   6652 |    407 |   1656 |   4339 |   4 | 1764.8 |
  Orcish Mines |   2342 |   2081 |    261 |    508 |   1213 |   2 | 1171.0 |
   Elven Halls |     23 |     23 |      0 |      0 |      0 |   1 |   23.0 |
        Depths |     25 |     25 |      0 |      0 |     16 |   1 |   25.0 |
        Bailey |    752 |    752 |      0 |    195 |    322 |   1 |  752.0 |
      Ice Cave |   1800 |   1800 |      0 |    672 |    868 |   1 | 1800.0 |
       Volcano |    355 |    355 |      0 |    177 |      0 |   1 |  355.0 |
      Gauntlet |    497 |    497 |      0 |    149 |      0 |   1 |  497.0 |
               +--------+--------+--------+--------+--------+-----+--------+

Top non-repeatable levels by time:
Shoals:3: 2355 daAuts
    D:11: 2286 daAuts
    D:12: 2260 daAuts
  Lair:5: 2255 daAuts
  Lair:1: 2026 daAuts
Shoals:1: 1811 daAuts
   IceCv: 1800 daAuts
  Lair:2: 1772 daAuts
     D:8: 1736 daAuts
     D:9: 1621 daAuts
    D:15: 1603 daAuts
  Lair:3: 1570 daAuts
     D:7: 1563 daAuts
Shoals:4: 1474 daAuts
     D:5: 1436 daAuts
